AoeStats
← Rebi69

Nomad

508860772Analyzed
2v2 RM · 7d ago on Sep 24, 2026· 36m 14s· 4 players
Game mode
Random Map
Map size
176×176
Population
200
Speed
Normal
Resources
Standard
Victory
Conquest
Starting age
Dark Age
Ending age
Imperial Age
RankedLock teamsTeams togetherTeam positionsShared explorationLock speedFull tech treeHidden civsTurbo modeCheats
Victory
Defeat
🇺🇸 Persians · United States
1202
+15
🇭🇰 Portuguese · Hong Kong SAR China
1188
+15
🇺🇸 Burgundians · United States
1185
-15
🇫🇷 Berbers · France
1167
-15
O.Bender
4:43 Loom
12:21 Double-Bit Axe
16:51 Feudal Age
15:25 Stone Mining
15:44 Gold Mining
19:17 Fletching
19:38 Forging
Rebi69
10:36 Loom
12:43 Feudal Age
16:35 Double-Bit Axe
17:19 Horse Collar
18:11 Bloodlines
22:27 Castle Age
21:32 Scale Barding Armor
21:37 Forging
24:39 Chain Barding Armor
26:53 Heavy Plow
32:33 Iron Casting
32:27 Fletching
34:23 Husbandry
34:26 Bodkin Arrow
36:35 Wheelbarrow
Limited Apple
4:51 Loom
13:45 Feudal Age
14:34 Double-Bit Axe
14:42 Gold Mining
17:05 Horse Collar
22:20 Castle Age
20:59 Wheelbarrow
20:59 Fishing Lines
21:28 Fletching
21:38 Padded Archer Armor
23:17 Bow Saw
23:39 Medium Warships
23:40 Crossbowman
25:34 Bodkin Arrow
27:06 Town Watch
30:31 Pikeman
34:03 Ballistics
35:34 Sanctity
crabchicken
5:24 Loom
12:37 Feudal Age
14:48 Double-Bit Axe
17:17 Castle Age
18:01 Scale Barding Armor
18:21 Bow Saw
26:32 Horse Collar
27:31 Wheelbarrow
29:26 Town Watch
30:05 Bloodlines
30:18 Gold Mining
34:10 Husbandry
34:00 Fishing Lines
34:57 Forging
Connection lost

Rejoining the realm…

Still unreachable

The connection could not be restored.

Session expired

The server has moved on; the page needs a fresh start.